Unix NetHack Version 5.0.0-0 post-release - last build May 23 2026 06:08:33 (1c0ff79ee797540d5714e4e18072db0edd9e58ae,branch:main).

Game began 2026-05-25 01:51:26, ended 2026-05-25 02:03:29.

ArrBianca, lawful female dwarven Archeologist

                                                      -----------
                                                      |...).....|
                                      --------        |.@f.......
                                      |.......      ##..k..)..<.|
                                      ........|     # -----------
                                      |........#######
                                      --- -----#  ####
                                                     #

ArrBianca the Field Worker  St:13 Dx:11 Co:10 In:16 Wi:16 Ch:11  Lawful
Dlvl:4  $:55 HP:0(36) Pw:6(6) AC:6  Xp:3 T:1655 

Latest messages:
 The little dog bites!
 You miss the little dog.
 The little dog bites!
 You are beginning to feel hungry.
 You lash the little dog.
 The little dog bites!
 The little dog bites!
 You swap places with your kitten.
 The kitten bites the little dog.
 The little dog misses the kitten.
 The kitten misses it.
 You hear some noises.
 What do you want to eat? [dikoD or ?*] d
 This food really hits the spot!
 You finish eating the food ration.
 The kitten bites the giant rat.
 The giant rat misses the kitten.
 The kitten bites the giant rat.
 The giant rat is killed!
 Your kitten eats a giant rat corpse.
 The kitten bites the kobold.
 The kobold hits the kitten.
 The kitten misses the kobold.
 The kitten bites the kobold.
 The kobold is killed!
 The kobold lord throws 2 darts!
 You are hit by the 1st dart.
 The 2nd dart misses you.
 The kobold lord throws 2 darts!
 You are hit by the 1st dart.
 You are hit by the 2nd dart.
 What do you want to drink? [C or ?*] ?
 What do you want to drink? [C or ?*] C
 You are suddenly moving much faster.
 The kitten misses the kobold lord.
 The kobold lord hits!
 The kitten misses the kobold lord.
 You miss the kobold lord.
 You miss the kobold lord.
 The kitten bites the kobold lord.
 You lash the kobold lord.
 The kitten misses the kobold lord.
 You lash the kobold lord.
 The kitten misses the kobold lord.
 The kitten bites the kobold lord.
 The kobold lord misses the kitten.
 You miss the kobold lord.
 The kobold lord hits!
 You die...
 Do you want your possessions identified? [ynq] (y) q

Inventory:
 Coins    ('$')
  $ - 55 gold pieces
 Amulets  ('"')
  j - an uncursed amulet of ESP
 Weapons  (')')
  t - a +0 elven dagger (at the ready)
  a - a burnt +2 bullwhip (weapon in right hand)
 Armor    ('[')
  c - an uncursed +0 fedora
  v - an uncursed +0 helm of brilliance (being worn)
  A - an uncursed +1 leather cloak (being worn)
  b - an uncursed +0 leather jacket (being worn)
 Comestibles  ('%')
  k - an uncursed head of romanesco
  d - 4 uncursed food rations
  o - a cursed food ration
  D - an uncursed tripe ration
  i - 2 uncursed lichen corpses
 Scrolls  ('?')
  x - an uncursed scroll of confuse monster
  s - 2 uncursed scrolls of food detection
  r - a cursed scroll of magic mapping
 Tools    ('(')
  h - an empty uncursed sack
  e - a +0 pick-axe
  w - an uncursed skeleton key
  f - a tinning kit (0:79)
 Gems/Stones  ('*')
  g - an uncursed touchstone

ArrBianca the Archeologist's attributes:

Background:
 You were a Field Worker, a level 3 female dwarven Archeologist.
 You were lawful, on a mission for Quetzalcoatl
 who was opposed by Camaxtli (neutral) and Huhetotl (chaotic).
 You were right-handed.
 You were in the Dungeons of Doom, on level 4.
 You entered the dungeon 1655 turns ago.
 It was nighttime.
 You had 60 experience points, 20 more were needed to attain level 4.

Basics:
 You had 0 out of 36 hit points.
 You had all 6 energy points (spell power).
 Your armor class was 6.
 Your wallet contained 55 zorkmids.
 Autopickup was on for '$?!/="+%' plus thrown, with exceptions.

Final Characteristics:
 Your strength was 13 (limit:18/100).
 Your dexterity was 11 (limit:20).
 Your constitution was 10 (limit:20).
 Your intelligence was 16 (limit:16).
 Your wisdom was 16 (limit:16).
 Your charisma was 11 (limit:16).

Final Status:
 You weren't hungry.
 You were unencumbered.
 You were wielding a whip.
 You had basic skill with whip.

Final Attributes:
 You were devoutly aligned.
 You had automatic searching.
 You had infravision.
 You were warded.
 You were very fast.
 You are dead.

Miscellaneous:
 You didn't encounter any bones levels.
 Total elapsed playing time was 12 minutes and 3 seconds.

Major events:
 Turn
    1: ArrBianca the lawful female dwarven Archeologist entered the dungeon
  866: attained the rank of Field Worker (level 3)
 1655: killed by a kobold lord

Spells:
 Name                 Level Category     Fail Retention
 magic missile          2   attack        78%  76%-100%

Skills:
 Fighting Skills
   bare handed combat [Unskilled]
   two weapon combat  [Unskilled]
   riding             [Unskilled]
 Weapon Skills
   dagger             [Unskilled]
   knife              [Unskilled]
   pick-axe           [Basic]
   short sword        [Unskilled]
   saber              [Unskilled]
   club               [Unskilled]
   quarterstaff       [Unskilled]
   sling              [Unskilled]
   dart               [Unskilled]
   boomerang          [Unskilled]
   whip               [Basic]
   unicorn horn       [Unskilled]
 Spellcasting Skills
   attack spells      [Unskilled]
   healing spells     [Unskilled]
   divination spells  [Unskilled]
   matter spells      [Unskilled]

Voluntary challenges:
 Character rerolling was not enabled.
 You never genocided any monsters.
 You never polymorphed an object.
 You never changed form.
 You used no wishes.
Achievement:
 You attained the rank of Field Worker.

 The Dungeons of Doom: levels 1 to 4
    Level 1:
    Level 2:
       An altar.
    Level 3:
       Some fountains.
    Level 4: <- You were here.
       Final resting place for
          you, killed by a kobold lord.


Vanquished creatures:
  a little dog
  2 dwarf zombies
 an acid blob
  2 hobbits
  a giant rat
  a brown mold
  a red mold
  7 jackals
  a fox
  a kobold
  a goblin
  2 grid bugs
  7 lichens
  a kobold zombie
  3 newts
32 creatures vanquished.

No species were genocided or became extinct.

Game over:
                       ----------
                      /          \
                     /    REST    \
                    /      IN      \
                   /     PEACE      \
                  /                  \
                  |    ArrBianca     |
                  |      55 Au       |
                  |   killed by a    |
                  |   kobold lord    |
                  |                  |
                  |                  |
                  |       2026       |
                 *|     *  *  *      | *
        _________)/\\_//(\/(/\)/\//\/|_)_______

Goodbye ArrBianca the Archeologist...

You died in The Dungeons of Doom on dungeon level 4 with 470 points,
and 55 pieces of gold, after 1655 moves.
You were level 3 with a maximum of 36 hit points when you died.

